 Dungeon Crawl Stone Soup version 0.30-b1-2-g02819fbbbe (webtiles) character file.

Game seed: 6478027205655548055

500 Barriton the Conjurer (level 6, -9/46 HPs)
             Began as a Draconian Conjurer on May 8, 2023.
             Killed by divine providence
             ... invoked by an orc priest
              (12 damage)
             ... on level 4 of the Dungeon.
             The game lasted 00:05:32 (4067 turns).

Barriton the Conjurer (Draconian Conjurer)          Turns: 4067, Time: 00:05:32

Health: -9/46      AC:  8    Str:  8    XL:     6   Next: 94%
Magic:  4/13       EV: 12    Int: 23    God:
Gold:   171        SH:  0    Dex: 12    Spells: 11/14 levels left

rFire   . . .        (no weapon)
rCold   . . .        (no shield)
rNeg    . . .        (body armour unavailable)
rPois   .            (helmet restricted)
rElec   .            (no cloak)
rCorr   .            (no gloves)
SInv    .            c - +1 pair of boots
Will    .....        (no amulet)
Stlth   +++          (no ring)
HPRegen 0.27/turn    (no ring)
MPRegen 0.13/turn

%: no passive effects
@: unable to drink
A: AC +6, unfitting armour, cold-blooded, talons 1, camouflage 1, agile 1,
clever 1, inability to drink after injury 1
a: no special abilities


You were on level 4 of the Dungeon.
You visited 1 branch of the dungeon, and saw 4 of its levels.

You collected 171 gold pieces.

Inventory:

Armour
 c - a +1 pair of boots (worn)
Scrolls
 a - 2 scrolls of identify
 d - a scroll of blinking
 k - a scroll of enchant weapon {unknown}
 l - 2 scrolls of teleportation
Potions
 b - 3 potions of flight
 e - 3 potions of lignification
 f - a potion of might {unknown}
 g - a potion of haste {unknown}
 h - a potion of degeneration
 i - 2 potions of curing {unknown}
 j - a potion of brilliance {unknown}


   Skills:
 + Level 0.4 Fighting
 + Level 2.6 Dodging
 + Level 2.5 Stealth
 + Level 0.8 Unarmed Combat
 + Level 4.6 Spellcasting
 + Level 6.0 Conjurations


You had 11 spell levels left.
You knew the following spells:

 Your Spells              Type           Power      Damage    Failure   Level
a - Magic Dart            Conj           100%       1d8       1%          1
b - Searing Ray           Conj           66%        2d6       1%          2

Your spell library contained the following spells:

 Spells                   Type           Power      Damage    Failure   Level
 Dazzling Flash           Conj/Hex       38%        N/A       9%          3
 Apportation              Tloc           10%        N/A       10%         1
 Necrotise                Necr           20%        1d5       10%         1
 Sting                    Tmut/Pois      20%        1d4       10%         1
 Summon Small Mammal      Summ           20%        N/A       10%         1
 Poisonous Vapours        Pois/Air       10%        N/A       14%         2
 Fulminant Prism          Conj/Hex       9%         3d7       28%         4
 Iskenderun's Mystic Bla  Conj/Tloc      19%        2d6       28%         4
 Olgreb's Toxic Radiance  Pois           5%         N/A       67%         4


Dungeon Overview and Level Annotations

Branches:
Dungeon (4/15)
 Temple: D:4-7

Altars:

Shops:
D:1 [   D:3 !


Innate Abilities, Weirdness & Mutations

Your plain brown scales are hard. (AC +6)
You cannot fit into any form of body armour.
You are cold-blooded and may be slowed by cold attacks.
You have sharp toenails.
Your skin changes colour to match your surroundings (Stealth+).
You are agile. (Dex +4, Str/Int -1)
Your mind is acute. (Int +4, Str/Dex -1)
You occasionally lose the ability to drink potions when taking damage.


Message History

You hear some strange, mumbled words.
A magic dart appears from out of thin air!
The magic dart hits you.
A kobold comes into view. It is wielding a +0 dagger.
The magic dart hits something.
The kobold shouts!
Something barely misses you.
The magic dart hits the orc priest.
The orc priest is lightly wounded.
Something hits you but does no damage.
The orc throws a boomerang.
The boomerang closely misses you.
The orc priest hits you with a +0 dagger.
The orc hits you with a +2 short sword of venom.
You are poisoned.
Something hits you.
You feel very sick. Something hits you.
The orc priest attacks as you move away!
The orc priest hits you with a +0 dagger.
You feel sick.
The orc throws a boomerang.
The boomerang hits you but does no damage.
You feel sick.
You feel sick.
The orc priest attacks as you move away!
The orc priest hits you but does no damage.
Found a stone staircase leading up.
You feel sick.
You feel sick.
The orc priest attacks as you move away!
The orc priest hits you with a +0 dagger.
You feel sick. Something hits you but does no damage.
You feel sick.
The orc priest invokes the aid of Beogh against you.
Beogh smites you!
You feel threatened and lose the ability to drink potions!
* * * LOW HITPOINT WARNING * * *
You feel sick.
You are no longer poisoned.
The orc priest invokes the aid of Beogh against you.
Beogh smites you!
You die...

#. ..... #. #...# #. ...#. ###
.###..< ##.##...#. ...#### .....
......... ..... #...# #.....#.# .
).$. #...# ###........ ...##..
#...# #...>...###
#......######...#######.#.....##.
##.......Koo..@.......##...###.
#.......>....o.....).<....#......
#.......................#...)###.
#....######........####......# #.
..!## #.#......#. #.#..#.# ## .#
#.#......'. #.#..#.#
#.#......#..#......##
#.#......####.#รท)...#
#####.............#.##..###


You could see an orc priest, 2 orcs and a kobold.

Vanquished Creatures
  Sigmund (D:3)
  The ghost of NimIero the Digger, a weakling DrEE (D:3)
  2 hounds (D:4)
  An iguana (D:4)
  Natasha (thrice) (D:3)
  3 gnolls (D:4)
  3 adders
  A shadow imp (D:3)
  An ufetubus (D:4)
  A worm (D:2)
  3 orcs
  3 endoplasms
  2 giant cockroaches (D:1)
  12 hobgoblins
  4 jackals (D:1)
  3 quokkas
  4 ball pythons
  4 bats
  4 frilled lizards
  5 goblins
  7 kobolds
  7 rats
75 creatures vanquished.

Vanquished Creatures (others)
  3 fungi (D:4)
3 creatures vanquished.

Grand Total: 78 creatures vanquished

Notes
Turn   | Place    | Note
-------+----------+-------------------------------------------
     0 | D:1      | Barriton the Draconian Conjurer began the quest for the
                  | Orb.
     0 | D:1      | Reached XP level 1. HP: 14/14 MP: 3/3
   243 | D:1      | Reached XP level 2. HP: 14/20 MP: 1/5
   626 | D:1      | Found Pupnouss's Antique Armour Boutique.
   959 | D:1      | Reached XP level 3. HP: 26/26 MP: 2/6
  1560 | D:2      | Learned a level 2 spell: Searing Ray
  2233 | D:2      | Gained mutation: You are weak. (Str -2) [potion of
                  | mutation]
  2233 | D:2      | Gained mutation: You have sharp toenails. [potion of
                  | mutation]
  2233 | D:2      | Gained mutation: You are agile. (Dex +4, Str/Int -1)
                  | [potion of mutation]
  2472 | D:3      | Reached XP level 4. HP: 33/33 MP: 3/7
  2575 | D:3      | Noticed Sigmund
  2587 | D:3      | Killed Sigmund
  2588 | D:3      | Reached skill level 5 in Conjurations
  2588 | D:3      | Reached XP level 5. HP: 35/39 MP: 1/10
  2816 | D:3      | Noticed Natasha
  2822 | D:3      | Killed Natasha
  3023 | D:3      | Found a runed translucent door.
  3024 | D:3      | Noticed NimIero's ghost (weakling DrEE)
  3056 | D:3      | Noticed Natasha
  3065 | D:3      | Killed Natasha
  3066 | D:3      | Reached XP level 6. HP: 39/46 MP: 6/12
  3088 | D:3      | Noticed Natasha
  3095 | D:3      | Killed Natasha
  3374 | D:3      | Found Moijem's Distillery.
  3440 | D:3      | Killed NimIero's ghost
  3521 | D:3      | Lost mutation: You have sharp toenails. [potion of
                  | mutation]
  3521 | D:3      | Lost mutation: You are weak. (Str -2) [potion of mutation]
  3521 | D:3      | Gained mutation: You have sharp toenails. [potion of
                  | mutation]
  3521 | D:3      | Gained mutation: Your mind is acute. (Int +4, Str/Dex -1)
                  | [potion of mutation]
  3521 | D:3      | Gained mutation: You occasionally lose the ability to drink
                  | potions when taking damage. [potion of mutation]
  3521 | D:3      | Gained mutation: Your skin changes colour to match your
                  | surroundings (Stealth+). [potion of mutation]
  3571 | D:4      | Reached skill level 6 in Conjurations
  3709 | D:4      | Identified the +2 robe of the Gate {Rampage rN+ Int-2}
  4067 | D:4      | Killed from afar by an orc priest

Illustrated notes

Levels and vault maps discovered:
D:1:      lightli_molten_gateway, layout_loops_ring, serial_shops,
          nicolae_shop_advertising_works [nicolae_subvault_shop_adworks],
          minmay_misc_feat_cross, minmay_tiny_reverse_x
D:2:      layout_basic
D:3:      layout_loops_ring, ebering_ghost_inner_flame, serial_shops,
          nicolae_shop_behind_doors, bh_walls_and_bars, uniq_natasha,
          uniq_sigmund
D:4:      layout_loops_cross, chequers_serial_rivers_room_a,
          dreamdust_gnoll_farm

Skill      XL: |  1  2  3  4  5  6 |
---------------+-------------------+-----
Dodging        | 2 |  2.6
Stealth        | 2 |  2.5
Spellcasting   | 3 4 |  4.6
Conjurations   | 5 6 |  6.0
Fighting       | |  0.4
Unarmed Combat | |  0.8

Action                     |  1- 3 |  4- 6 || total
---------------------------+-------+-------++-------
  Melee: Unarmed           |    73 |       ||    73
         Tailslap          |     5 |       ||     5
   Cast: Magic Dart        |    94 |    55 ||   149
         Searing Ray       |       |    10 ||    10
    Use: Scroll            |     7 |     1 ||     8
         Potion            |     1 |     2 ||     3
 Armour: Skin              |    27 |    12 ||    39
  Dodge: Dodged            |    65 |    25 ||    90
